AoeStats
← JJNChain

Coastal Forest

503263232Analyzed
2v2 RM · 10d ago on Aug 30, 2026· 46m 45s· 4 players
Game mode
Random Map
Map size
Medium (4 player)
Population
200
Speed
Normal
Resources
Standard
Victory
Conquest
Starting age
Dark Age
Ending age
Imperial Age
RankedLock teamsTeams togetherTeam positionsShared explorationLock speedFull tech treeHidden civsTurbo modeCheats
Victory
Defeat
🇧🇷 Burgundians · Brazil
816
+14
🇧🇷 Franks · Brazil
790
+15
🇨🇴 Dravidians · Colombia
784
-15
🇨🇴 Koreans · Colombia
773
-15
JJNChain
3:51 Loom
12:33 Feudal Age
14:47 Man-at-Arms
15:39 Double-Bit Axe
22:40 Castle Age
23:14 Pikeman
26:15 Forging
27:40 Bow Saw
31:53 Gold Mining
35:59 Stone Mining
37:23 Iron Casting
36:39 Fletching
37:39 Squires
39:11 Wheelbarrow
43:11 Imperial Age
IJGachaMan
1:35 Loom
12:23 Feudal Age
13:23 Double-Bit Axe
19:44 Gold Mining
20:12 Fletching
20:14 Fishing Lines
25:36 Castle Age
25:01 Scale Mail Armor
25:06 Horse Collar
25:51 Pikeman
27:08 Bow Saw
26:54 Gillnets
27:01 Stone Mining
33:35 Fervor
34:13 Forging
36:04 Wheelbarrow
35:35 Town Watch
37:04 Gambesons
36:47 Elite Skirmisher
37:55 Sanctity
38:21 Squires
45:03 Imperial Age
43:46 Iron Casting
44:01 Heavy Plow
44:37 Chain Mail Armor
44:22 Bodkin Arrow
45:00 Ballistics
45:11 Halberdier
_Kidin.-.
0:32 Loom
13:04 Feudal Age
27:05 Castle Age
25:13 Arson
26:41 Forging
28:11 Husbandry
31:49 Caravan
38:36 Imperial Age
36:03 Double-Bit Axe
36:15 Gold Mining
36:05 Elite Skirmisher
39:20 Cavalier
41:17 Conscription
44:16 Iron Casting
43:50 Scale Barding Armor
44:46 Chivalry
gU$
12:31 Feudal Age
17:26 Castle Age
15:16 Loom
16:37 Double-Bit Axe
17:19 Horse Collar
19:38 Forging
19:39 Heavy Plow
21:43 Bow Saw
25:55 Burgundian Vineyards
26:34 Scale Barding Armor
28:45 Gold Mining
29:36 Wheelbarrow
29:09 Fishing Lines
31:42 Hand Cart
31:51 Gillnets
34:11 Fervor
37:47 Imperial Age
36:34 Chain Barding Armor
36:16 Scale Mail Armor
36:07 Treadmill Crane
36:49 Ballistics
37:21 Stone Mining
38:41 Crop Rotation
39:14 Two-Man Saw
38:53 Gold Shaft Mining
39:32 Iron Casting
39:13 Chain Mail Armor
39:14 Elite Coustillier
39:59 Town Watch
40:52 Plate Barding Armor
41:25 Chemistry
40:54 Conscription
42:32 Town Patrol
Connection lost

Rejoining the realm…

Still unreachable

The connection could not be restored.

Session expired

The server has moved on; the page needs a fresh start.